 Dungeon Crawl Stone Soup version 0.29-a0-817-g9904bce7a6 (webtiles) character file.

Game seed: 5582641786660343620

676 SkeletonJelly the Slasher (level 7, -2/56 HPs)
             Began as a Demonspawn Fighter on July 5, 2022.
             Engulfed by a steam dragon's steam (10 damage)
             ... on level 7 of the Dungeon.
             The game lasted 00:06:53 (5237 turns).

SkeletonJelly the Slasher (Demonspawn Fighter)      Turns: 5237, Time: 00:06:54

Health: -2/56      AC: 10    Str: 24    XL:     7   Next: 33%
Magic:  16/16      EV: 11    Int:  6    God:
Gold:   252        SH:  9    Dex: 12    Spells: 6/6 levels left

rFire   . . .      SeeInvis .   a - +0 long sword
rCold   + + .      Faith    .   c - +0 buckler
rNeg    . . .      Spirit   .   b - +0 scale mail
rPois   .          Reflect  +   i - +0 helmet
rElec   .          Harm     .   (no cloak)
rCorr   +          Rampage  .   e - +0 pair of gloves
Will    .....                   o - +0 pair of boots of Melancholy {rC++ Str+5 Int-3}
Stlth   ..........              y - amulet of reflection
HPRegen 0.18/turn               n - ring of magical power
MPRegen 0.15/turn               q - ring of resist corrosion

@: no status effects
A: repulsion field 1, foul stench 1, demonic magic 1, weakness stinger 2
a: no special abilities


You were on level 7 of the Dungeon.
You visited 1 branch of the dungeon, and saw 8 of its levels.

You collected 252 gold pieces.

Inventory:

Hand Weapons
 a - a +0 long sword (weapon)
 j - a +0 rapier of venom
Missiles
 h - 4 poisoned darts (quivered)
Armour
 b - a +0 scale mail (worn)
 c - a +0 buckler (worn)
 e - a +0 pair of gloves (worn)
 i - a +0 helmet (worn)
 o - the +0 pair of boots of Melancholy (worn) {rC++ Str+5 Int-3}
   (You found it on level 3 of the Dungeon)

   Str:       It affects your strength (+5).
   Int:       It affects your intelligence (-3).
   rC:        It greatly protects you from cold.
Jewellery
 n - a ring of magical power (left hand)
 q - a ring of resist corrosion (right hand)
 y - an amulet of reflection (around neck)
Wands
 u - a wand of iceblast (9)
Scrolls
 g - 3 scrolls of enchant weapon {unknown}
 k - 2 scrolls of identify {unknown}
 l - a scroll of poison {unknown}
 r - a scroll of brand weapon {unknown}
 t - 5 scrolls of fear {unknown}
 z - a scroll of teleportation {unknown}
Potions
 d - 3 potions of might
 f - 6 potions of curing {unknown}
 m - 2 potions of attraction {unknown}
 p - a potion of degeneration {unknown}
 s - a potion of cancellation {unknown}
 v - a potion of ambrosia {unknown}
 w - a potion of haste {unknown}
 x - a potion of resistance {unknown}


   Skills:
 + Level 5.4 Fighting
 * Level 6.2 Long Blades
 - Level 2.6 Armour
 - Level 2.6 Shields


You had 6 spell levels left.
You didn't know any spells.
Your spell library contained the following spells:

 Spells                   Type           Power      Damage    Failure   Level
 Ensorcelled Hibernation  Hex/Ice        0%         N/A       94%         2
 Spider Form              Tmut/Pois      0%         N/A       99%         3
 Anguish                  Hex/Necr       0%         N/A       100%        4
 Animate Dead             Necr           0%         N/A       100%        4
 Borgnjor's Vile Clutch   Necr/Erth      0%         N/A       100%        5
 Death Channel            Necr           0%         N/A       100%        6


Dungeon Overview and Level Annotations

Branches:
Dungeon (8/15)
 Temple: D:4-7         Lair: D:8-11

Altars:
Ashenzari

Shops:
D:2 [


Innate Abilities, Weirdness & Mutations

You are surrounded by a mild repulsion field. (EV +2)
You may rarely emit foul miasma when damaged in melee.
Spells you cast may paralyse adjacent enemies.
You have a tail ending in a sharp stinger.


Message History

You barely miss the orc.
The orc is heavily wounded.
The steam dragon hisses angrily.
The orc closely misses you.
You hit the orc.
You kill the orc!
The steam dragon breathes steam at you. The ball of steam misses you.
Items here: )) [[.
No target in view!
No target in view!
You are engulfed in a cloud of scalding steam.
You take 9 damage, and have 42/56 hp.
You are engulfed in a cloud of scalding steam.
You take 6 damage, and have 36/56 hp.
There is a stone staircase leading down here.
You climb downwards.
There is a stone staircase leading up here.
HP restored.
An ogre comes into view. It is wielding a +0 giant club.
The ogre shouts!
Health restored: 56 The ogre closely misses you.
You hit the ogre.
You tail-slap the ogre, but do no damage.
The ogre is lightly wounded.
You block the ogre's attack.
You hit the ogre but do no damage.
The ogre is lightly wounded.
You hit the ogre.
Your tail-slap misses the ogre.
The ogre is moderately wounded.
The ogre barely misses you.
You hit the ogre.
You tail-slap the ogre, but do no damage.
The ogre is moderately wounded.
You block the ogre's attack.
You slash the ogre!
The ogre is severely wounded.
The ogre misses you.
You hit the ogre.
The ogre is almost dead.
You hit the ogre.
You kill the ogre!
No target in view!
No target in view!
No target in view!
No target in view!
You now have 252 gold pieces (gained 21).
There is a stone staircase leading up here.
You climb upwards.
A centaur zombie comes into view.
The steam dragon breathes steam at you. The ball of steam hits you!
A wyvern skeleton comes into view.
The centaur zombie moves out of view.
There is a stone staircase leading down here.
You take 16 damage, and have 40/56 hp.
MASSIVE DAMAGE!!
Aiming: Iceblast
Press: ? - help, Shift-Dir - straight line, f - steam dragon
Aim: a steam dragon (catching its breath)
The mass of ice explodes!
The iceblast engulfs the steam dragon!
The steam dragon is heavily wounded.
You are engulfed in a cloud of scalding steam.
You take 3 damage, and have 37/56 hp.
Aiming: Iceblast
Press: ? - help, Shift-Dir - straight line, f/p - steam dragon
Aim: a steam dragon (heavily wounded)
The mass of ice explodes!
The iceblast engulfs the steam dragon!
The steam dragon is severely wounded.
The steam dragon breathes steam at you. The ball of steam misses you.
You climb downwards.
There is a stone staircase leading up here.
You can't go down here!
You hit the steam dragon but do no damage.
The steam dragon is severely wounded.
The steam dragon bites you but does no damage.
The steam dragon claws you.
You take 5 damage, and have 33/56 hp.
You barely miss the steam dragon.
The steam dragon is severely wounded.
The steam dragon bites you. The steam dragon claws you.
The steam dragon bites you but does no damage.
You block the steam dragon's attack.
You take 9 damage, and have 24/56 hp.
You closely miss the steam dragon.
Your tail-slap misses the steam dragon.
The steam dragon is severely wounded.
You block the steam dragon's attack.
The steam dragon claws you but does no damage.
You barely miss the steam dragon.
Your tail-slap misses the steam dragon.
The steam dragon is severely wounded.
The steam dragon breathes steam at you. The ball of steam hits you!
* * * LOW HITPOINT WARNING * * *
You hear a bark! x2
You take 16 damage, and have 8/56 hp.
MASSIVE DAMAGE!!
You barely miss the steam dragon.
The steam dragon is severely wounded.
You are engulfed in a cloud of scalding steam.
You die...

#............##..#
#.......##........
#.......##.####..##
#####+##...# ..
.........### .##
.........#######..##.
..$..................
.............D.....#
.............@...#.
#####........§...#..
#....##..§.......
##+##+##...#.##...
#.........##... .>
#.........+ ..#...
#.........# .# #
##+##.)...# ..
#.###.#


You could see a steam dragon (catching breath).

Vanquished Creatures
  A black bear (D:4)
  2 ogres
  A scorpion (D:4)
  An orc priest (D:6)
  3 iguanas (D:4)
  Jessica (D:3)
  Natasha (thrice) (D:3)
  6 gnolls
  2 adders (D:4)
  2 worms (D:2)
  3 dart slugs
  5 orcs
  6 endoplasms
  4 giant cockroaches
  4 goblins
  4 hobgoblins
  3 quokkas
  3 ball pythons
  3 bats
  3 frilled lizards
  4 kobolds
  2 rats
66 creatures vanquished.

Notes
Turn   | Place    | Note
-------+----------+-------------------------------------------
     0 | D:1      | SkeletonJelly the Demonspawn Fighter began the quest for
                  | the Orb.
     0 | D:1      | Reached XP level 1. HP: 18/18 MP: 1/1
    27 | D:1      | Reached skill level 2 in Long Blades
   193 | D:1      | Gained mutation: You have a small tail. [demonic ancestry]
   193 | D:1      | Reached XP level 2. HP: 19/24 MP: 2/2
   652 | D:1      | Found a faded altar of an unknown god.
  1406 | D:2      | Gained mutation: You have a tail ending in a sharp stinger.
                  | [demonic ancestry]
  1406 | D:2      | Reached XP level 3. HP: 9/29 MP: 3/3
  1407 | D:2      | Reached skill level 3 in Long Blades
  2034 | D:2      | Gained mutation: Spells you cast may paralyse adjacent
                  | enemies. [demonic ancestry]
  2034 | D:2      | Reached XP level 4. HP: 36/37 MP: 4/4
  2158 | D:2      | Found Laqadwid's Armour Emporium.
  2512 | D:3      | Noticed Jessica
  2516 | D:3      | Killed Jessica
  2602 | D:3      | Noticed Natasha
  2615 | D:3      | Killed Natasha
  2616 | D:3      | Reached skill level 4 in Long Blades
  2618 | D:3      | Noticed Natasha
  2895 | D:2      | Gained mutation: You are surrounded by a mild repulsion
                  | field. (EV +2) [demonic ancestry]
  2895 | D:2      | Reached XP level 5. HP: 35/42 MP: 5/5
  2951 | D:3      | Killed Natasha
  3057 | D:3      | Identified the +0 pair of boots of Melancholy {rC++ Str+5
                  | Int-3}
  3095 | D:3      | Noticed Natasha
  3111 | D:3      | Killed Natasha
  3167 | D:3      | Found a broken altar of Ashenzari.
  3601 | D:4      | Noticed a black bear
  3611 | D:4      | Killed a black bear
  3612 | D:4      | Reached XP level 6. HP: 36/49 MP: 6/6
  3749 | D:4      | Reached skill level 5 in Long Blades
  4116 | D:4      | Reached skill level 5 in Fighting
  4523 | D:4      | Gained mutation: You may rarely emit foul miasma when
                  | damaged in melee. [demonic ancestry]
  4523 | D:4      | Reached XP level 7. HP: 32/56 MP: 7/7
  4969 | D:5      | Entered Level 5 of the Dungeon
  4980 | D:5      | You fall into a shaft and drop 3 floors!
  5085 | D:6      | Reached skill level 6 in Long Blades
  5092 | D:6      | Noticed a steam dragon
  5237 | D:7      | Engulfed by a steam dragon's steam

Illustrated notes

Levels and vault maps discovered:
D:1:      mrwooster_arrival_statue_2, layout_basic, basic_ecumenical_altar,
          st_stairs_12
D:2:      layout_basic, serial_shops, nicolae_shop_hallway_plus
D:3:      layout_basic, evilmike_ruin_ashenzari, lemuel_old_faithful,
          uniq_jessica, uniq_natasha
D:4:      layout_loops_cross
D:5:      layout_cave_pools, temple_statues, minmay_hollow_rounded_squares,
          uniq_crazy_yiuf_cottage
D:6:      layout_gridville, ebering_ghost_sewer_f, serial_shops,
          kennysheep_mini_moat, serial_undead, serial_undead_d, serial_undead_e,
          serial_undead_c, serial_undead_c, uniq_maggie
D:7:      layout_basic
D:8:      layout_rooms, tso_metal_star, kennysheep_generic_room_7, uniq_joseph

Skill      XL: |  1  2  3  4  5  6  7 |
---------------+----------------------+-----
Long Blades    | 2 3 4 5 6 |  6.2
Fighting       | 4 5 |  5.4
Armour         | |  2.6
Shields        | |  2.6

Action                   |  1- 3 |  4- 6 |  7- 9 || total
-------------------------+-------+-------+-------++-------
Melee: Long sword        |    92 |   134 |    32 ||   258
       Tailslap          |     5 |    18 |     4 ||    27
Throw: Dart              |       |     3 |       ||     3
Evoke: Wand              |       |     1 |     2 ||     3
Armor: Scale mail        |    49 |    65 |     8 ||   122
Dodge: Dodged            |    40 |    80 |    12 ||   132
Block: Buckler           |    15 |    28 |    15 ||    58

Table legend: (Time is in decaauts)
 A = Elapsed time spent in this place.
 B = Non-inter-level travel time spent in this place.
 C = Inter-level travel time spent in this place.
 D = Time resting spent in this place.
 E = Time spent auto-exploring this place.
 F = Levels seen in this place.
 G = Mean time per level.
                   A        B        C        D        E       F      G
               +--------+--------+--------+--------+--------+-----+--------+
         Total |   5311 |   5130 |    181 |      0 |   4376 |   8 |  663.9 |
       Dungeon |   5311 |   5130 |    181 |      0 |   4376 |   8 |  663.9 |
               +--------+--------+--------+--------+--------+-----+--------+

Top non-repeatable levels by time:
     D:1: 1543 daAuts
     D:4: 1368 daAuts
     D:2: 1296 daAuts
     D:3: 830 daAuts
     D:7: 187 daAuts
     D:6: 40 daAuts
     D:8: 33 daAuts
     D:5: 10 daAuts
